Unix NetHack Version 3.7.0-88 Work-in-progress - last build Aug 21 2023 04:08:40 (b68ccb3e4f8f5dcb83e1e40b1ff56e7dffd4cd28,branch:master). Game began 2023-08-27 08:00:12, ended 2023-08-27 08:41:37. spontiff, neutral male gnomish Healer ------ -------- |.....## ------- ----- -------- |......| |...@| # |).....# |...| |......| |......| |....| #### ###-.[...|# #-....# #.......| |......| ---.-- ## |.....|# #|>*.|# #|......---- ------.- ## ## |.....|# #....|# #----......| ### # # |.....|# #|...|# ### |......| # ## # -------# #|...|# # |.......#### # #### # # #-----# # -------- # ## --|-.-----## # # # # ### #---------.--- |........|# # # ## # # #-..........*| |........|# # # ### ## # |........^..| |........|# # # # # ###0 |.....).....| |.........# ### # #-----------# # ------------- |........| ####-.-------# #...........# # ---------- #.........# |........x| ## |.......| |..........## --------- ----------- Spontiff the Rhizotomist St:10 Dx:12 Co:15 In:7 Wi:17 Ch:17 Neutral S:657 Dlvl:1 $:1864 HP:29(30) Pw:5(5) AC:4 Xp:1/1 T:2753 Latest messages: You see here a jackal corpse. The jackal misses! The jackal bites! The large dog misses the jackal. The jackal bites! The large dog bites the jackal. The jackal is killed! The large dog eats a jackal corpse. Where do you want to travel to? (For instructions type a '?') You stop. Your large dog is in the way! You swap places with your large dog. The large dog bites the kobold. The kobold is killed! Where do you want to travel to? (For instructions type a '?') The kobold zombie hits! The kobold zombie hits! The large dog bites the kobold zombie. The kobold zombie is destroyed! Where do you want to travel to? (For instructions type a '?') The large dog bites the grid bug. The grid bug is killed! You swap places with your large dog. The large dog misses the grid bug. The large dog bites the grid bug. The grid bug is killed! The large dog misses it. The large dog misses it. The large dog bites it. You see here a rock. Where do you want to travel to? (For instructions type a '?') You are beginning to feel hungry. What do you want to eat? [npy or ?*] y Core dumped. What do you want to eat? [npy or ?*] y Core dumped. What do you want to eat? [npy or ?*] y Core dumped. What do you want to eat? [npy or ?*] y Core dumped. Where do you want to travel to? (For instructions type a '?') The large dog misses the jackal. You hear some noises in the distance. Beware, there will be no return! Still climb? [yn] (n) y Do you want your possessions identified? [ynq] (y) y Do you want to see the dungeon overview? [ynq] (y) y Inventory: Coins $ - 1864 gold pieces Weapons k - an uncursed +0 orcish dagger (alternate weapon; not wielded) Armor h - an uncursed +0 orcish helm (being worn) g - an uncursed +1 pair of leather gloves (being worn) v - an uncursed +0 pair of iron shoes (being worn) q - an uncursed +0 dwarvish cloak (being worn) d - an uncursed +0 leather jacket (being worn) Comestibles y - an uncursed apple n - 4 uncursed food rations p - an uncursed tripe ration Scrolls t - an uncursed scroll of remove curse l - a cursed scroll of stinking cloud Spellbooks i - a blessed spellbook of healing Potions G - an uncursed potion of fruit juice c - a blessed potion of healing x - an uncursed potion of paralysis H - a cursed potion of polymorph M - an uncursed potion of sleeping Wands B - an uncursed wand of enlightenment (0:12) S - an uncursed wand of sleep (0:4) X - an uncursed wand of sleep (0:4) Y - an uncursed wand of teleportation (0:4) Tools Z - an uncursed bag of tricks (0:13) s - an uncursed stethoscope J - an uncursed tinning kit (0:86) Gems/Stones b - an uncursed worthless piece of green glass r - 4 uncursed worthless pieces of orange glass z - 2 uncursed worthless pieces of violet glass O - a cursed worthless piece of violet glass K - a cursed worthless piece of yellow glass I - an uncursed worthless piece of yellowish brown glass Spontiff the Healer's attributes: Background: You were a Rhizotomist, a level 1 male gnomish Healer. You were neutral, on a mission for Hermes who was opposed by Athena (lawful) and Poseidon (chaotic). You were in the Dungeons of Doom, on level 1. You entered the dungeon 2753 turns ago. You had 1 experience point, 19 more were needed to attain level 2. Your score was 657 before end-of-game adjustments. Basics: You had 29 out of 30 hit points. You had all 5 energy points (spell power). Your armor class was 4. Your wallet contained 1864 zorkmids. Autopickup was on for '$!/="?' plus thrown, with exceptions. Final Characteristics: Your strength was 10 (limit:18/50). Your dexterity was 12 (limit:18). Your constitution was 15 (limit:18). Your intelligence was 7 (limit:19). Your wisdom was 17 (limit:18). Your charisma was 17 (limit:18). Final Status: You were not hungry. You were unencumbered. You were empty handed. You were unskilled in bare handed combat. Final Attributes: You were devoutly aligned. You were poison resistant. You had infravision. You were warded. You survived. Miscellaneous: You encountered 1 bones level. Total elapsed playing time was 41 minutes and 25 seconds. Major events: Turn 1: spontiff the neutral male gnomish Healer entered the dungeon 422: entered the Gnomish Mines 2753: escaped Vanquished creatures: a small mimic a little dog 2 dwarves a gas spore a hobbit a green mold 3 gnomes a gnome zombie 4 geckos 15 jackals a fox 5 kobolds 4 goblins 2 sewer rats 11 grid bugs a bat 8 lichens a kobold zombie 4 newts 67 creatures vanquished. No species were genocided or became extinct. Voluntary challenges: You never hit with a wielded weapon. You were illiterate. You never engraved Elbereth. You never genocided any monsters. You never polymorphed an object. You never changed form. You used no wishes. Achievements: You entered the Gnomish Mines. You entered a shop. The Dungeons of Doom: levels 1 to 4 Level 1: <- You left from here. Level 2: Some fountains. Stairs down to The Gnomish Mines. Level 3: A general store, some fountains. Level 4: Some fountains, a grave. The Gnomish Mines: levels 3 to 5 Level 3: Level 4: Level 5: Final resting place for spontiff-Hea-Gno-Mal-Neu, killed by a gas spore's explosion. Goodbye spontiff the Healer... You escaped from the dungeon with 657 points, 10 worthless pieces of colored glass, and 1864 pieces of gold, after 2753 moves. You were level 1 with a maximum of 30 hit points when you escaped.